 Dungeon Crawl Stone Soup version 0.18-a0-1577-gf591c28 (webtiles) character file.

1629 M4edhros the Placeless Octopus (level 8, -1/50 HPs)
             Began as an Octopode Warper on Mar 20, 2016.
             Slain by a giant frog (6 damage)
             ... on level 6 of the Dungeon.
             The game lasted 00:11:58 (11029 turns).

M4edhros the Placeless Octopus (Octopode Warper)   Turns: 11029, Time: 00:11:58

Health: -1/50      AC:  4    Str:  7 (8)  XL:     8   Next: 97%
Magic:  0/11       EV: 15    Int: 14 (16) God:    Xom [*.....]
Gold:   453        SH:  5    Dex: 13      Spells: 3 memorised, 5 levels left

rFire  . . .     SeeInvis +     C - +0 hunting sling
rCold  . . .     Gourm    .     (no shield)
rNeg   + . .     Faith    .     (helmet restricted)
rPois  .         Spirit   .     B - +5 amulet of reflection
rElec  .         Dismiss  .     n - +3 ring of protection
rCorr  .         Reflect  +     R - ring of positive energy
SustAt .         Harm     .     (no ring)
MR     .....                    (no ring)
Stlth  ++........               (no ring)
                                (no ring)
                                (no ring)
                                (no ring)

@: portal projectile, not resistant to hostile enchantments, unstealthy
A: almost no armour, amphibious, 8 rings, constrict 8, tentacle spike 1,
camouflage 1, see invisible, deterioration 1, weak 1, gelatinous body 1
a: Renounce Religion


You were on level 6 of the Dungeon.
You worshipped Xom.
You were a special plaything of Xom.
You were not hungry.

You visited 2 branches of the dungeon, and saw 7 of its levels.
You also visited: Ossuary.

You collected 453 gold pieces.

Inventory:

Hand Weapons
 d - a +0 rapier
 h - a +1 mace of crushing
 C - a +0 hunting sling (weapon)
 D - a +1 dagger of venom
Missiles
 c - 5 tomahawks of dispersal
 o - 99 stones
 t - 9 poisoned sling bullets
 v - 11 sling bullets (quivered)
 w - 8 sling bullets of flame
 A - 4 tomahawks
 I - a throwing net
Jewellery
 e - an uncursed amulet of dismissal
 n - a +3 ring of protection (left tentacle)
 B - a +5 amulet of reflection (around mantle)
 R - a ring of positive energy (right tentacle)
Wands
 z - a wand of flame (26/48)
Scrolls
 b - 2 scrolls of blinking
 g - 5 scrolls of remove curse {unknown}
 i - a scroll of noise {unknown}
 q - 2 scrolls of immolation {unknown}
 r - 2 scrolls of fog {unknown}
 s - a scroll of amnesia {unknown}
 u - a scroll of enchant weapon {unknown}
 x - 3 scrolls of identify {unknown}
 y - 2 scrolls of fear {unknown}
 E - 3 scrolls of magic mapping {unknown}
 G - a scroll of enchant armour {unknown}
 J - a scroll of teleportation {unknown}
 P - a scroll of recharging {unknown}
Potions
 j - 5 potions of curing {unknown}
 l - a potion of heal wounds {unknown}
 p - a potion of brilliance
 F - a potion of invisibility {unknown}
 H - 4 potions of mutation
 K - 2 potions of haste {unknown}
 L - a potion of agility {unknown}
 M - 2 potions of cure mutation {unknown}
 N - a potion of lignification {unknown}
 O - a potion of beneficial mutation {unknown}
Books
 a - a book of Spatial Translocations

   Spells                             Type                      Level
   a - Apportation                    Translocation                1
   b - Blink                          Translocation                2
   c - Shroud of Golubria             Charms/Translocation         2
   d - Portal Projectile              Translocation                3
   e - Teleport Other                 Translocation                3
   f - Passage of Golubria            Translocation                4
Comestibles
 f - 4 fruits
 k - 2 meat rations


   Skills:
 - Level 2.0 Fighting
 - Level 1.0 Throwing
 + Level 6.7 Dodging
 - Level 2.0 Unarmed Combat
 - Level 2.0 Spellcasting
 - Level 9.5 Translocations


You had 5 spell levels left.
You knew the following spells:

 Your Spells              Type           Power        Failure   Level  Hunger
a - Apportation           Tloc           ####......   1%          1    ##.....
b - Portal Projectile     Tloc           ####..       1%          3    ####...
c - Shroud of Golubria    Chrm/Tloc      ##........   6%          2    ###....


Dungeon Overview and Level Annotations

Branches:
Dungeon (6/15)             Temple (1/1) D:6

Altars:
Elyvilon
Gozag
Kikubaaqudgha
Makhleb
Nemelex Xobeh
Okawaru
Pakellas
Qazlal
Sif Muna
Trog
Vehumet
Xom
Zin
The Shining One


Innate Abilities, Weirdness & Mutations

You cannot wear most types of armour.
You are amphibious.
You can wear up to eight rings at the same time.
You can use your tentacles to constrict eight enemies at once.
Your skin changes colour to match your surroundings (Stealth).
Your rubbery body absorbs attacks (AC +1).
One of your tentacles bears a spike.
You have supernaturally acute eyesight.
Your body sometimes deteriorates upon taking damage.
You are weak. (Str -2)


Message History

Firing (i - inventory. (,) - cycle):
v - 13 sling bullets (quivered)
Press: ? - help, Shift-Dir - straight line, f/p - giant frog
Aim: a giant frog (heavily wounded, fast)
You magically shoot a sling bullet.
The sling bullet hits the giant frog!
The giant frog is almost dead.
The giant frog hits you but does no damage.
The giant frog closely misses you. The giant frog hits you!
* * * LOW HITPOINT WARNING * * *
Firing (i - inventory. (,) - cycle):
v - 12 sling bullets (quivered)
Press: ? - help, Shift-Dir - straight line, f/p - giant frog
Aim: a giant frog (almost dead, fast)
You shoot a sling bullet.
The sling bullet closely misses the giant frog.
The giant frog hits you.
* * * LOW HITPOINT WARNING * * *
The giant frog hits you!
* * * LOW HITPOINT WARNING * * *
Your body deteriorates!
You feel dopey. The giant frog hits you.
You die...

............8.>.8...###...#.##..
§##########..[......<.....#.##..
≈# ###.8.#....#....#.##.## ≈.
##.......#......##... ≈.
##.....##......##... ≈..
#.......##...#...... ...
#.).....#...>####... ..
#............# #.<# ..
##^@.....#.### #..# ##
#...F....###.# ....# #..(.....#
#.# #.##.## ...........# #....
#.# ...(.......# ...# #.#
(#########.# ..## #. .. .# ..
..#


You could see a giant frog.

Vanquished Creatures
  The ghost of M4edhros the Grasshopper, a novice OpWr (D:4)
  Grinder (D:3)
  6 ogres
  A scorpion (D:4)
  A water moccasin skeleton (D:4)
  A crimson imp (D:5)
  A centaur zombie (D:5)
  3 hounds
  An orc wizard (D:3)
  2 worker ants
  8 mummies (Ossuary)
  Robin (D:3)
  8 adders
  2 shadow imps
  An ooze (D:2)
  An adder skeleton (D:5)
  2 worms (D:5)
  3 dart slugs
  3 giant geckos
  17 orcs
  8 giant cockroaches
  A gnoll zombie (Ossuary)
  12 goblins
  15 hobgoblins
  5 jackals
  8 kobolds
  3 quokkas
  4 bats
  3 giant newts
  3 hobgoblin zombies (Ossuary)
  A jackal skeleton (D:4)
  2 kobold zombies (Ossuary)
  2 orc zombies (Ossuary)
  12 rats
143 creatures vanquished.

Notes
Turn   | Place    | Note
--------------------------------------------------------------
     0 | D:1      | M4edhros the Octopode Warper began the quest for the Orb.
     0 | D:1      | Reached XP level 1. HP: 14/14 MP: 3/3
   350 | D:1      | Reached XP level 2. HP: 16/19 MP: 5/5
   970 | D:2      | Reached skill level 4 in Translocations
   979 | D:2      | Reached XP level 3. HP: 22/24 MP: 6/6
  1803 | D:2      | Reached XP level 4. HP: 18/29 MP: 7/7
  2054 | D:3      | Learned a level 3 spell: Portal Projectile
  2057 | D:3      | Learned a level 2 spell: Shroud of Golubria
  2085 | D:3      | Reached skill level 5 in Translocations
  2190 | D:3      | Noticed Grinder
  2199 | D:3      | Killed Grinder
  2199 | D:3      | Reached skill level 7 in Translocations
  2199 | D:3      | Reached XP level 5. HP: 17/34 MP: 8/8
  2199 | D:3      | Reached XP level 6. HP: 19/39 MP: 9/9
  2701 | D:3      | Noticed Robin
  2751 | D:3      | Killed Robin
  3117 | D:4      | Reached XP level 7. HP: 33/45 MP: 1/10
  3276 | D:4      | Reached skill level 8 in Translocations
  3491 | D:4      | Gained mutation: You have supernaturally acute eyesight. [potion of mutation]
  3491 | D:4      | Gained mutation: Your body sometimes deteriorates upon taking damage. [potion of mutation]
  3491 | D:4      | Gained mutation: One of your tentacles bears a spike. [potion of mutation]
  3510 | D:4      | Noticed M4edhros's ghost (novice OpWr)
  3994 | D:4      | Killed M4edhros's ghost
  3994 | D:4      | Reached skill level 9 in Translocations
  3994 | D:4      | Reached XP level 8. HP: 28/50 MP: 1/11
  4155 | D:4      | Found an oddly glowing altar of Pakellas.
  4155 | D:4      | Found a radiant altar of Vehumet.
  4236 | D:5      | Entered Level 5 of the Dungeon
  4371 | D:5      | Found a sand-covered staircase.
  4376 | Ossuary  | Entered an ossuary
  4393 | Ossuary  | Reached skill level 5 in Dodging
  5755 | D:6      | Found a staircase to the Ecumenical Temple.
  5763 | Temple   | Entered the Ecumenical Temple
  5779 | Temple   | Became a worshipper of Xom of Chaos
  5782 | Temple   | XOM: harmless Conj miscast
  6351 | Temple   | XOM: cast spell 'Necromutation'
  6467 | Temple   | XOM: harmless Conj miscast
  7164 | Temple   | XOM: harmless Fire miscast
  7848 | Temple   | XOM: divination: magic mapping
  7906 | Temple   | XOM is BORED!
  7906 | Temple   | XOM: medium Conj miscast
  8246 | Temple   | XOM: divination: detect creatures
  8574 | Temple   | XOM: 3-stop teleportation journey
  9010 | Temple   | XOM: 4-stop teleportation journey
  9210 | Temple   | XOM: give mutation
  9210 | Temple   | Gained mutation: You are weak. (Str -2) [Xom's mischief]
 10271 | Temple   | XOM: colour smoke trail
 11003 | Temple   | XOM: god gift: rapier {god gift}
 11023 | D:6      | XOM: enchant monster (bad)
 11029 | D:6      | Slain by a giant frog

Vault maps used:
D:1:      ncdulo_wetmaze, minivault_25
D:2:      first_bread
D:3:      uniq_grinder, uniq_robin
D:4:      gammafunk_temple_overflow_elements
D:5:      nicolae_ossuary_entry_false_entrances, minmay_misc_feat_hallway,
          st_stairs_12
D:6:      kennysheep_little_box, nicolae_overflow_hidden_temple,
          minmay_temple_entry_statues_pillars, serial_shops,
          nicolae_shop_temple_entry_statues_fountains, kennysheep_mini_moat,
          shop, nicolae_shop_behind_doors, shop_statue
Temple:   circular_temple_12
Ossuary:  ossuary_tomb_3

Skill      XL: |  1  2  3  4  5  6  7  8 |
---------------+-------------------------+-----
Translocations | 4 7 9 |  9.5
Dodging        | 6 |  6.7
Fighting       | |  2.0
Throwing       | |  1.0
Unarmed Combat | |  2.0
Spellcasting   | |  2.0

Action                   |  1- 3 |  4- 6 |  7- 9 || total
-------------------------+-------+-------+-------++-------
Melee: Mace              |    59 |   104 |       ||   163
       Unarmed           |     2 |       |    96 ||    98
       Dagger            |       |    21 |    10 ||    31
 Fire: Hunting sling     |       |     8 |   176 ||   184
 Cast: Portal Projectile |       |     1 |     5 ||     6
       Shroud of Golubri |       |       |     1 ||     1
  Use: Potion            |       |       |     2 ||     2
 Stab: Sleeping          |    11 |     3 |     2 ||    16
  Eat: Chunk             |     3 |     4 |     9 ||    16
       Bread ration      |       |       |     3 ||     3
       Beef jerky        |       |       |     3 ||     3
